[Event "Titled Tuesday Blitz July 05 Late 2022"]
[White "Kozin, Yuri"]
[Black "So, Wesley"]
[WhiteFideId "4129920"]
[BlackFideId "5202213"]
[WhiteElo "2545"]
[BlackElo "2763"]
[Result "1/2-1/2"]
[Round "01"]
[TimeControl "180+1"]
[Date "2022.07.05"]
[WhiteClock "0:00:19"]
[BlackClock "0:00:06"]

1. e4 c5 2. Nf3 d6 3. d4 cxd4 4. Nxd4 Nf6 5. Nc3 a6 6. Be3 e5 7. Nf3 Nc6 8. Bc4 Be6 9. Bxe6 fxe6 10. O-O b5 11. a3 Be7 12. Ng5 Qd7 13. f4 exf4 14. Bxf4 O-O 15. Qd2 Ng4 16. h3 Nge5 17. b3 Rf6 18. Nf3 Qa7+ 19. Be3 Qc7 20. Nd4 Raf8 21. Rxf6 Rxf6 22. Rf1 Rxf1+ 23. Kxf1 Nxd4 24. Bxd4 Nc6 25. Be3 Qa5 26. Nb1 Qd8 27. Kg1 Bf6 28. Nc3 Be5 29. Ne2 h6 30. Bf4 Qf6 31. Bxe5 Qxe5 32. Nc3 Qc5+ 33. Kh1 Qxa3 34. Ne2 Qa1+ 35. Kh2 Qe5+ 36. Ng3 h5 37. h4 Ne7 38. Qg5 Qxg5 39. hxg5 g6 40. Ne2 Kf7 41. Nd4 e5 42. Ne2 Ke6 43. Kh3 d5 44. exd5+ Nxd5 45. g4 Nf4+ 46. Nxf4+ exf4 47. gxh5 gxh5 48. c4 bxc4 49. bxc4 a5 50. c5 a4 51. c6 a3 52. c7 Kd7 53. g6 a2 54. g7 a1=Q 55. c8=Q+ Kxc8 56. g8=Q+ Kd7 57. Qf7+ Kc6 58. Qxf4 Qh1+ 59. Qh2 Qf3+ 60. Qg3 Qf6 61. Qg2+ Kd6 62. Qe4 Qg5 63. Qd4+ Ke6 64. Qe4+ Kf6 65. Qc6+ Kf7 66. Qd7+ Kg6 67. Qe8+ Kg7 68. Qd7+ Kg6 69. Qd3+ Kf6 70. Qd6+ Kf7 71. Qd7+ Kf8 72. Qc8+ Ke7 73. Qc7+ Ke6 74. Qg3 Qf6 75. Qe3+ Kf7 76. Qa7+ Kg6 77. Qg1+ Kh7 78. Qb1+ Kh6 79. Qc1+ Kg7 80. Qc7+ Kg6 81. Qc2+ Kh6 82. Qd2+ Kg7 83. Qd7+ Kh8 84. Qe8+ Kg7 85. Qxh5 Qe6+ 86. Qg4+ Kf6 87. Qxe6+ Kxe6 1/2-1/2


[Site "https://www.chess.com"]

[Event "Titled Tuesday Blitz July 05 Late 2022"]
[White "Krstulovic, Alex"]
[Black "Maksimovic, Bojan"]
[WhiteFideId "760056"]
[BlackFideId "14408120"]
[WhiteElo "2244"]
[BlackElo "2453"]
[Result "1-0"]
[Round "01"]
[TimeControl "180+1"]
[Date "2022.07.05"]
[WhiteClock "0:00:58"]
[BlackClock "0:00:01"]

1. e4 c5 2. Nc3 Nc6 3. g3 g6 4. Bg2 Bg7 5. d3 d6 6. f4 b6 7. Nf3 Bb7 8. O-O Qd7 9. h3 f5 10. exf5 gxf5 11. Ng5 Nf6 12. Nd5 O-O 13. Nxf6+ Bxf6 14. Bd5+ Kh8 15. Be6 Qe8 16. c3 Bxg5 17. fxg5 Qg6 18. Bd5 e6 19. Bf3 Rab8 20. Be3 Ne5 21. Bh5 Qg7 22. d4 Nc4 23. Bf4 e5 24. dxe5 dxe5 25. Bc1 e4 26. Qe2 Ne5 27. Bf4 Rbd8 28. Rad1 Nd3 29. Qe3 Bd5 30. Rxd3 Bxa2 31. Rxd8 Rxd8 32. g4 Rd3 33. Qf2 Bc4 34. Qh2 fxg4 35. Be5 1-0


[Site "https://www.chess.com"]

[Event "Titled Tuesday Blitz July 05 Late 2022"]
[White "Lashkin, Jegor"]
[Black "Batsiashvili, Nino"]
[WhiteFideId "13907808"]
[BlackFideId "13602993"]
[WhiteElo "2368"]
[BlackElo "2149"]
[Result "1-0"]
[Round "01"]
[TimeControl "180+1"]
[Date "2022.07.05"]
[WhiteClock "0:00:03"]
[BlackClock "0:00:07"]

1. d4 d5 2. c4 e6 3. Nc3 Nf6 4. Nf3 c5 5. cxd5 exd5 6. Bg5 Be6 7. g3 Nc6 8. Bg2 c4 9. O-O Be7 10. b3 O-O 11. Ne5 h6 12. Bxf6 Bxf6 13. Nxc6 bxc6 14. Na4 Rb8 15. e3 cxb3 16. axb3 Be7 17. Qc2 Qc7 18. Rfc1 Rfc8 19. Bf1 Bg4 20. Ba6 Bf3 21. Be2 Bxe2 22. Qxe2 Rxb3 23. Nc5 Bxc5 24. Rxc5 Rcb8 25. Kg2 Rb2 26. Qf3 Rd2 27. Qxd5 cxd5 28. Rxc7 Rbb2 29. Rf1 a5 30. Ra7 Ra2 31. Rd7 a4 32. Rxd5 a3 33. Ra5 g5 34. Kf3 Kg7 35. h4 Kg6 36. Ra6+ f6 37. hxg5 hxg5 38. g4 Rd3 39. Ke4 Rdd2 40. f4 gxf4 41. Rxf4 Kg5 42. Raxf6 Kh4 43. Rh6+ Kg3 44. g5 Rac2 45. Ra6 a2 46. Rf5 1-0


[Site "https://www.chess.com"]

[Event "Titled Tuesday Blitz July 05 Late 2022"]
[White "Maghsoodloo, Parham"]
[Black "Petrovic, Aleksa"]
[WhiteFideId "12539929"]
[BlackFideId "967629"]
[WhiteElo "2607"]
[BlackElo "2185"]
[Result "1-0"]
[Round "01"]
[TimeControl "180+1"]
[Date "2022.07.05"]
[WhiteClock "0:00:36"]
[BlackClock "0:00:15"]

1. e4 e6 2. d4 d5 3. Nc3 h6 4. Nf3 Nf6 5. Bd3 Bb4 6. e5 Ne4 7. Bd2 Nxd2 8. Qxd2 c5 9. a3 Bxc3 10. Qxc3 cxd4 11. Nxd4 Nc6 12. Nxc6 bxc6 13. Qxc6+ Bd7 14. Qc5 Qb8 15. Qd4 O-O 16. O-O Bb5 17. Rfc1 Bxd3 18. cxd3 Rc8 19. b4 a5 20. h4 axb4 21. axb4 Rxa1 22. Rxa1 Rc6 23. Rb1 Qc7 24. b5 Rc1+ 25. Rxc1 Qxc1+ 26. Kh2 Qb1 27. b6 Kh7 28. g3 g5 29. hxg5 hxg5 30. Qc5 Kg7 31. Qe3 Kg6 32. Qf3 Qxb6 33. Qf6+ Kh7 34. Qxf7+ Kh6 35. Qf6+ Kh7 36. Kh3 g4+ 37. Kh4 Qd4 38. Qf7+ Kh8 39. Qh5+ 1-0


[Site "https://www.chess.com"]

[Event "Titled Tuesday Blitz July 05 Late 2022"]
[White "Manukyan, Sargis A."]
[Black "Nathan, Nitish"]
[WhiteFideId "13303970"]
[BlackFideId "30927870"]
[WhiteElo "2187"]
[BlackElo "2226"]
[Result "1/2-1/2"]
[Round "01"]
[TimeControl "180+1"]
[Date "2022.07.06"]
[WhiteClock "0:00:17"]
[BlackClock "0:00:22"]

1. Nf3 Nf6 2. c4 c6 3. e3 d5 4. Nc3 Bf5 5. Qb3 Qb6 6. Qxb6 axb6 7. cxd5 cxd5 8. Ne5 e6 9. Bb5+ Nbd7 10. g4 Bxg4 11. Bxd7+ Nxd7 12. Nxg4 h5 13. f3 hxg4 14. fxg4 Ne5 15. Nb5 Rc8 16. Ke2 Nxg4 17. h3 Ne5 18. b3 Be7 19. Bb2 Nd7 20. Bxg7 Rg8 21. Bc3 Nc5 22. Rag1 Kd7 23. Rxg8 Rxg8 24. h4 Ne4 25. Rh3 Rg2+ 26. Kf1 Rf2+ 27. Ke1 Rg2 28. h5 Ng5 29. Rh1 f6 30. h6 Nh7 31. Nd4 Bf8 32. Ne2 Rg6 33. Nf4 Rxh6 34. Rg1 Ng5 35. Ke2 Bd6 36. Bxf6 Bxf4 37. Bxg5 Rh2+ 38. Kd3 Bxg5 39. Rxg5 Rh7 40. Rg6 Kd6 41. Kc3 Rh4 42. a4 Rh7 43. Rf6 Rc7+ 44. Kd3 Ke5 45. Rf8 Kd6 46. Rd8+ Ke7 47. Rb8 Kd6 48. Rh8 Kc5 49. Rh4 Kd6 50. Rb4 Kc5 51. Rb5+ Kd6 52. Kd4 e5+ 53. Kd3 Kc6 54. e4 dxe4+ 55. Kxe4 Rd7 56. d3 Rd4+ 57. Ke3 Rd5 58. Rb4 Rd7 59. Ke4 Rd5 60. Rc4+ Kd6 61. Rb4 Kc6 62. Rc4+ Kd6 63. Rc3 Rd4+ 64. Ke3 Rb4 65. Kd2 Kd5 66. Kc2 Kd6 67. Rc8 Rh4 68. Rd8+ Kc7 69. Re8 Kd6 70. Rg8 Kc5 71. Rg7 Kc6 72. Rg6+ Kc5 73. Re6 Kd4 74. Rd6+ Kc5 75. Rd8 Kc6 76. Kc3 Kc5 77. Re8 Kd6 78. Ra8 Kc6 79. Ra7 Rg4 80. Ra8 Rh4 81. Rg8 Kc5 82. Rg2 Kc6 83. Re2 Kd5 84. Rf2 Rh3 85. Rf7 e4 86. Rd7+ Kc6 87. Rd8 exd3 88. Rxd3 Rxd3+ 89. Kxd3 Kc5 90. Kc3 b5 91. b4+ Kb6 92. a5+ Ka6 93. Kd4 b6 94. axb6 Kxb6 95. Kd5 Kb7 96. Kc5 Kc7 97. Kd5 Kb7 98. Kd6 Kb6 99. Kd7 Kb7 100. Kd6 Kb6 101. Kd5 Kb7 1/2-1/2


[Site "https://www.chess.com"]

[Event "Titled Tuesday Blitz July 05 Late 2022"]
[White "Martinez Alcantara, Jose Eduardo"]
[Black "Tomiello, Lucas Costamilan"]
[WhiteFideId "3805662"]
[BlackFideId "22701940"]
[WhiteElo "2703"]
[BlackElo "1998"]
[Result "1-0"]
[Round "01"]
[TimeControl "180+1"]
[Date "2022.07.05"]
[WhiteClock "0:00:30"]
[BlackClock "0:00:35"]

1. e4 c5 2. Nf3 d6 3. Bb5+ Nd7 4. O-O Nf6 5. Re1 e5 6. c3 a6 7. Bxd7+ Bxd7 8. d4 Qc7 9. Bg5 Be7 10. Na3 Bc6 11. dxe5 dxe5 12. Nc4 h6 13. Bh4 Rd8 14. Qe2 Nd7 15. Bg3 f6 16. Nh4 O-O 17. Nf5 Rf7 18. Nce3 Nf8 19. Qg4 Kh7 20. Qh5 Ng6 21. Ng4 Bf8 22. f3 b5 23. Nge3 c4 24. Kh1 a5 25. Qg4 Rfd7 26. h4 Nf4 27. h5 Rd2 28. Rab1 Qf7 29. Bxf4 exf4 30. Nf1 Rf2 31. Qh4 Bc5 32. a3 a4 33. Qg4 Bd7 34. Red1 Rg8 35. Rd5 g6 36. Nxh6 Qxd5 37. exd5 Bxg4 38. Nxg4 Rc2 39. Nxf6+ Kg7 40. Nxg8 Kxg8 41. hxg6 Kg7 42. Rd1 Bd6 43. Nd2 Rxb2 44. Ne4 Bf8 45. d6 Bxd6 46. Rxd6 Rb3 47. Rb6 Rxa3 48. Rxb5 Ra1+ 49. Kh2 a3 50. Ra5 Kxg6 51. Nd2 Rc1 52. Rxa3 Kf6 53. Nxc4 Rc2 54. Nd6 Ke6 55. Ne4 Ke5 56. Ra5+ 1-0


[Site "https://www.chess.com"]

[Event "Titled Tuesday Blitz July 05 Late 2022"]
[White "Matinian, Nikita"]
[Black "Kubatko, Ivan"]
[WhiteFideId "24129100"]
[BlackFideId "24111473"]
[WhiteElo "2422"]
[BlackElo "2285"]
[Result "1-0"]
[Round "01"]
[TimeControl "180+1"]
[Date "2022.07.06"]
[WhiteClock "0:00:20"]
[BlackClock "0:00:03"]

1. e4 d5 2. exd5 Qxd5 3. Nf3 Nf6 4. Nc3 Qa5 5. Bc4 Bg4 6. h3 Bh5 7. d3 c6 8. Bd2 e6 9. O-O Qc7 10. Re1 Nbd7 11. a4 Bd6 12. g4 Bg6 13. Nh4 O-O-O 14. a5 a6 15. Na4 Kb8 16. Qf3 Ne5 17. Qg2 Nxc4 18. dxc4 Bxc2 19. Nb6 Bh2+ 20. Qxh2 Qxh2+ 21. Kxh2 Rxd2 22. Nf3 Rdd8 23. Ne5 Rhf8 24. g5 Nh5 25. Ned7+ Kc7 26. Nxf8 Rxf8 27. Rac1 Bf5 28. Rcd1 e5 29. Rxe5 Be6 30. Rd4 g6 31. b4 Ng7 32. Rd2 Rd8 33. Rxd8 Kxd8 34. Re2 Nf5 35. Rd2+ Kc7 36. f3 Nd6 37. c5 Nf5 38. Kg1 h6 39. gxh6 Nxh6 40. f4 Nf5 41. Kf2 Nh6 42. Kg3 Nf5+ 43. Kf3 Ne7 44. h4 f6 45. Re2 Bd5+ 46. Kf2 Nf5 47. Nxd5+ cxd5 48. Re6 Nxh4 49. Rxf6 d4 50. Ke2 Kd7 51. Kd3 Ke7 52. Rb6 Nf5 53. Rxb7+ Kf6 54. c6 Ke6 55. Rb6 Kd6 56. Rxa6 Kc7 57. b5 1-0


[Site "https://www.chess.com"]

[Event "Titled Tuesday Blitz July 05 Late 2022"]
[White "Meshkovs, Nikita"]
[Black "Horak, Martin"]
[WhiteFideId "11602740"]
[BlackFideId "367095"]
[WhiteElo "2506"]
[BlackElo "1997"]
[Result "1-0"]
[Round "01"]
[TimeControl "180+1"]
[Date "2022.07.06"]
[WhiteClock "0:00:15"]
[BlackClock "0:00:03"]

1. c4 b6 2. Nc3 Bb7 3. d4 Nf6 4. f3 Nc6 5. d5 Ne5 6. e4 e6 7. f4 Ng6 8. e5 Ng8 9. Nf3 Bb4 10. Be2 Nh6 11. O-O O-O 12. Ne4 d6 13. a3 exd5 14. cxd5 Bc5+ 15. Nxc5 dxc5 16. Bc4 Nf5 17. Qd3 Nge7 18. Rd1 Qd7 19. g4 Nd4 20. Nxd4 Qxg4+ 21. Kf1 cxd4 22. Qxd4 Rad8 23. f5 Qh3+ 24. Kg1 Bxd5 25. Bf1 Qf3 26. Rd3 Qh1+ 27. Kf2 Qxh2+ 28. Ke1 Nxf5 29. Qg4 Qxe5+ 30. Kf2 Be4 31. Rc3 Qd4+ 32. Ke1 Rfe8 33. Be2 Qe5 34. Bf4 Qe7 35. Kf2 Nd4 36. Rg1 Bg6 37. Bd3 Nf5 38. Bxf5 Rd2+ 39. Bxd2 Qe2+ 40. Qxe2 Rxe2+ 41. Kxe2 Bxf5 42. Re3 Bg6 43. Re8# 1-0


[Site "https://www.chess.com"]

[Event "Titled Tuesday Blitz July 05 Late 2022"]
[White "Obrien, Matthew"]
[Black "Svane, Rasmus"]
[WhiteFideId "2059150"]
[BlackFideId "4657101"]
[WhiteElo "2518"]
[BlackElo "2674"]
[Result "0-1"]
[Round "01"]
[TimeControl "180+1"]
[Date "2022.07.05"]
[WhiteClock "0:00:28"]
[BlackClock "0:00:57"]

1. e4 c6 2. Nf3 d5 3. d3 Bg4 4. h3 Bh5 5. g4 Bg6 6. h4 h6 7. Ne5 Bh7 8. Bg2 e6 9. Nd2 Bd6 10. d4 Qc7 11. O-O Nf6 12. Re1 Bxe5 13. dxe5 Nxe4 14. Nxe4 Bxe4 15. Bxe4 dxe4 16. Rxe4 Nd7 17. Bf4 O-O-O 18. Qe2 g5 19. hxg5 hxg5 20. Bxg5 Rdg8 21. Bd2 f5 22. Rd4 Nxe5 23. Re1 Qh7 0-1


[Site "https://www.chess.com"]

[Event "Titled Tuesday Blitz July 05 Late 2022"]
[White "Oparin, Grigoriy"]
[Black "Baches Garcia, Guillermo"]
[WhiteFideId "24125890"]
[BlackFideId "2209764"]
[WhiteElo "2639"]
[BlackElo "2516"]
[Result "1-0"]
[Round "01"]
[TimeControl "180+1"]
[Date "2022.07.05"]
[WhiteClock "0:01:51"]
[BlackClock "0:00:19"]

1. c4 e5 2. Nc3 Nf6 3. Nf3 Nc6 4. e4 g6 5. d4 exd4 6. Nxd4 Bg7 7. Be3 O-O 8. Qd2 Ng4 9. Nxc6 dxc6 10. Qxd8 Rxd8 11. Bg5 Re8 12. f3 Ne5 13. O-O-O Be6 14. c5 h6 15. Be3 Rad8 16. Be2 Nc4 17. Bxc4 Bxc4 18. Kc2 Be5 19. b3 Be6 20. Rxd8 Rxd8 21. Ne2 g5 22. h4 f6 23. g3 Kf7 24. hxg5 hxg5 25. f4 gxf4 26. gxf4 Bg4 27. Ng3 Bd4 28. Bxd4 Rxd4 29. Rh7+ Kg6 30. Rxc7 Rb4 31. Kc3 a5 32. a3 Rb5 33. b4 axb4+ 34. axb4 Bf3 35. Nf5 Bxe4 36. Nd6 f5 37. Nxb5 cxb5 38. Kd4 Kh5 39. Ke5 Kg4 40. Rg7+ Kf3 41. Rg5 Ke3 42. Rxf5 Bxf5 43. Kxf5 Kd4 44. Ke6 Kc4 45. f5 Kxb4 46. f6 Kxc5 47. f7 b4 48. f8=Q+ 1-0


[Site "https://www.chess.com"]

[Event "Titled Tuesday Blitz July 05 Late 2022"]
[White "Ozates, Tuna"]
[Black "Tabatabaei, M. Amin"]
[WhiteFideId "6354521"]
[BlackFideId "12521213"]
[WhiteElo "1887"]
[BlackElo "2544"]
[Result "0-1"]
[Round "01"]
[TimeControl "180+1"]
[Date "2022.07.05"]
[WhiteClock "0:01:53"]
[BlackClock "0:01:29"]

1. e4 c6 2. d4 d5 3. exd5 cxd5 4. c4 Nf6 5. Nc3 e6 6. Nf3 Bb4 7. a3 Bxc3+ 8. bxc3 O-O 9. Ne5 Nbd7 10. Nxd7 Bxd7 11. Bd2 Rc8 12. cxd5 exd5 13. Be2 Ne4 14. Rc1 Qa5 15. Qb3 Rfe8 16. f3 Nxd2 17. Kxd2 Qc7 18. g3 Qd6 19. Bd3 Qh6+ 20. f4 Qh3 21. Bf1 Qe6 22. Bd3 Qe3+ 23. Kc2 Rc6 24. Rce1 Qf2+ 25. Kd1 Bg4+ 0-1


[Site "https://www.chess.com"]

[Event "Titled Tuesday Blitz July 05 Late 2022"]
[White "Peatman, Carter"]
[Black "Livaic, Leon"]
[WhiteFideId "2096480"]
[BlackFideId "14531534"]
[WhiteElo "2476"]
[BlackElo "2540"]
[Result "0-1"]
[Round "01"]
[TimeControl "180+1"]
[Date "2022.07.06"]
[WhiteClock "0:00:15"]
[BlackClock "0:00:42"]

1. d4 Nf6 2. Bf4 c5 3. e3 Nd5 4. Bg3 Qb6 5. Na3 cxd4 6. exd4 d6 7. Nc4 Qc7 8. c3 Nc6 9. Nf3 g6 10. Bd3 Bg7 11. O-O O-O 12. Re1 b5 13. Ncd2 a6 14. a4 Rb8 15. axb5 axb5 16. Be4 Nf6 17. Rc1 Nxe4 18. Nxe4 Na5 19. Qe2 Bg4 20. h3 Bxf3 21. Qxf3 Nc4 22. Qe2 e5 23. b3 Na5 24. dxe5 dxe5 25. b4 Nc4 26. Nc5 Qc6 27. Rcd1 Rbd8 28. Rxd8 Rxd8 29. Rd1 Rd5 30. Kh2 Qd6 31. Rxd5 Qxd5 32. f4 h5 33. fxe5 Nxe5 34. Qxb5 Bf6 35. Qe8+ Kg7 36. Qc8 h4 37. Bf4 g5 38. Be3 Nc4 39. Bd4 Bxd4 40. cxd4 Qxd4 41. b5 Qf4+ 42. Kh1 Ne3 43. Nd7 Qf1+ 44. Kh2 Qxg2# 0-1


[Site "https://www.chess.com"]

[Event "Titled Tuesday Blitz July 05 Late 2022"]
[White "Poltorak, Sebastian"]
[Black "He, Anthony"]
[WhiteFideId "1199498"]
[BlackFideId "2088215"]
[WhiteElo "2104"]
[BlackElo "2409"]
[Result "0-1"]
[Round "01"]
[TimeControl "180+1"]
[Date "2022.07.05"]
[WhiteClock "0:00:54"]
[BlackClock "0:00:37"]

1. d4 b5 2. e3 Bb7 3. Nf3 a6 4. b3 Nf6 5. Bb2 e6 6. Nbd2 c5 7. Be2 d5 8. c4 bxc4 9. bxc4 Nbd7 10. O-O cxd4 11. Nxd4 Be7 12. cxd5 Nxd5 13. Rc1 O-O 14. Nc6 Bxc6 15. Rxc6 Rb8 16. Nb3 a5 17. Ba1 N7f6 18. Nd4 Nb4 19. Rc4 Rc8 20. a3 Rxc4 21. Bxc4 Nbd5 22. Nc6 Qc7 23. Nxe7+ Qxe7 24. Qa4 Nb6 25. Bxf6 gxf6 26. Qb5 Nxc4 27. Qxc4 Qxa3 28. Qd4 Qe7 29. Ra1 Ra8 30. Qe4 Rd8 31. h3 Rd5 32. Qc4 Kg7 33. h4 h5 34. Qc3 Qb4 35. Ra3 Rd1+ 0-1


[Site "https://www.chess.com"]

[Event "Titled Tuesday Blitz July 05 Late 2022"]
[White "Przybylski, Wojciech"]
[Black "Fedoseev, Vladimir"]
[WhiteFideId "1117599"]
[BlackFideId "24130737"]
[WhiteElo "2133"]
[BlackElo "2726"]
[Result "0-1"]
[Round "01"]
[TimeControl "180+1"]
[Date "2022.07.05"]
[WhiteClock "0:00:03"]
[BlackClock "0:00:11"]

1. e4 c6 2. Nc3 d5 3. Nf3 Bg4 4. h3 Bxf3 5. Qxf3 e6 6. d4 Bb4 7. a3 dxe4 8. Qxe4 Nf6 9. Qh4 Be7 10. Bg5 Nbd7 11. O-O-O Qa5 12. Bd2 O-O-O 13. Qg3 Rhg8 14. Nb5 Qb6 15. Nd6+ Bxd6 16. Qxd6 Nf8 17. Qe5 Qxd4 18. Qxd4 Rxd4 19. Bd3 Rd7 20. Be3 a6 21. c4 Ng6 22. Bb6 Nf4 23. Bf1 Rxd1+ 24. Kxd1 e5 25. g3 Ne6 26. Bg2 Nd7 27. Ba5 b6 28. Bc3 Kc7 29. Re1 Kd6 30. b4 f6 31. Kc2 c5 32. Bd5 Re8 33. Kd3 b5 34. Be4 g6 35. cxb5 axb5 36. Kc2 Nd4+ 37. Kb2 f5 38. Bg2 Ke6 39. f4 e4 40. Bf1 Nf3 41. Rd1 Rb8 42. Be2 c4 43. Bxf3 exf3 44. Re1+ Kd6 45. Rd1+ Kc6 46. Rf1 Nb6 47. Rxf3 Re8 48. Be5 Rd8 49. Kc2 Nd5 50. g4 Rf8 51. Rg3 fxg4 52. hxg4 Nxf4 53. Rf3 Ne6 54. Rh3 Rf7 55. a4 bxa4 56. Kc3 Kb5 57. Re3 Ng5 58. Bg3 Rf3 59. Rxf3 Nxf3 60. Bf4 h5 61. gxh5 gxh5 0-1


[Site "https://www.chess.com"]

[Event "Titled Tuesday Blitz July 05 Late 2022"]
[White "Reprintsev, Alexander"]
[Black "Paravyan, David"]
[WhiteFideId "14100541"]
[BlackFideId "4194985"]
[WhiteElo "2108"]
[BlackElo "2569"]
[Result "0-1"]
[Round "01"]
[TimeControl "180+1"]
[Date "2022.07.05"]
[WhiteClock "0:00:10"]
[BlackClock "0:02:00"]

1. e4 e5 2. Nf3 Nf6 3. Bc4 Nxe4 4. Nc3 Nf6 5. Nxe5 d5 6. Bb3 Bd6 7. d4 c6 8. Bg5 Nbd7 9. f4 O-O 10. O-O Qb6 11. Nxd7 Nxd7 12. Na4 Qc7 13. c4 dxc4 14. Bxc4 b5 15. Bxf7+ Rxf7 16. Nc3 Nf8 17. d5 Bf5 18. Qb3 a6 19. dxc6 Qxc6 20. Rad1 Bc5+ 21. Kh1 h6 22. Bh4 Re8 23. Nd5 Be6 24. Qf3 Bxd5 25. Rxd5 Rd7 26. Rfd1 Rxd5 27. Rxd5 Be7 28. Bxe7 Rxe7 29. h3 Rd7 30. Rxd7 Qxf3 31. Rxg7+ Kxg7 32. gxf3 Kf6 33. Kg2 Kf5 34. Kg3 Ng6 35. h4 h5 0-1


[Site "https://www.chess.com"]

[Event "Titled Tuesday Blitz July 05 Late 2022"]
[White "Riehle, Marco"]
[Black "Eynullayev, Altay"]
[WhiteFideId "12904392"]
[BlackFideId "13413562"]
[WhiteElo "2462"]
[BlackElo "2079"]
[Result "1-0"]
[Round "01"]
[TimeControl "180+1"]
[Date "2022.07.05"]
[WhiteClock "0:00:30"]
[BlackClock "0:00:23"]

1. e4 c5 2. a3 d6 3. b4 Nf6 4. Nc3 Nc6 5. b5 Nd4 6. Nf3 Bg4 7. Be2 Nxe2 8. Qxe2 e6 9. h3 Bh5 10. d3 Be7 11. O-O O-O 12. Bb2 d5 13. exd5 Nxd5 14. Nxd5 Qxd5 15. Qe5 Qxe5 16. Nxe5 f6 17. Nc4 Rfd8 18. a4 Kf7 19. f4 Ke8 20. a5 Bf7 21. Rfe1 h5 22. Kf2 Rd5 23. Kf3 Kf8 24. g4 Rad8 25. Re2 Be8 26. Na3 Bd7 27. Rae1 Bc8 28. Bc3 Kf7 29. Nc4 Bd7 30. Na3 Bc8 31. Re3 Bd7 32. Ba1 Bc8 33. Bb2 Bd7 34. c4 Rd6 35. Ke2 a6 36. b6 Bc6 37. Kd2 hxg4 38. hxg4 Rh8 39. Nc2 Rh2+ 40. Kc3 Bd7 41. Ba3 Rc6 42. Re4 Rg2 43. Ne3 Rg3 44. Nf5 Rxg4 45. Nxe7 Kxe7 46. Rh1 Kf7 47. Rh8 Rc8 48. Rxc8 Bxc8 49. Bxc5 Bd7 50. Be3 Bc6 51. Rd4 Ke7 52. Kd2 Rg2+ 53. Kc3 Ra2 54. Kb4 Ra4+ 55. Kb3 Rxa5 56. Bd2 Rf5 57. Bb4+ Ke8 58. Rd6 Bd7 59. d4 Rxf4 60. c5 Rf3+ 61. Kb2 Rf2+ 62. Kb3 Rf3+ 63. Kb2 Rf5 64. Kc3 g5 65. Kd3 g4 66. Be1 g3 67. Bxg3 Rf3+ 68. Kc4 Bb5+ 69. Kb4 Rf1 70. Rxe6+ Kf7 71. Rd6 Rb1+ 72. Kc3 Rc1+ 73. Kd2 Ra1 74. Bh4 Ra2+ 75. Kc3 Ra3+ 76. Kb4 Ra4+ 77. Kb3 f5 78. c6 Bxc6 79. Rxc6 Rxd4 80. Rc7+ Ke6 81. Be1 Rd5 82. Rxb7 Kd6 83. Rb8 Kc6 84. Bf2 Rd2 85. Bg1 Rd1 86. Rc8+ Kb7 87. Rc7+ Kb8 88. Bc5 Rd3+ 89. Kc4 Rd1 90. Rf7 1-0


[Site "https://www.chess.com"]

[Event "Titled Tuesday Blitz July 05 Late 2022"]
[White "Rios Escobar, Adan"]
[Black "Pakleza, Zbigniew"]
[WhiteFideId "3403645"]
[BlackFideId "1119290"]
[WhiteElo "2473"]
[BlackElo "2467"]
[Result "0-1"]
[Round "01"]
[TimeControl "180+1"]
[Date "2022.07.06"]
[WhiteClock "0:00:01"]
[BlackClock "0:00:11"]

1. d4 d6 2. g3 e5 3. dxe5 dxe5 4. Qxd8+ Kxd8 5. Nc3 c6 6. f4 Bb4 7. Bd2 Be6 8. O-O-O Nd7 9. Nf3 exf4 10. gxf4 Ngf6 11. a3 Bc5 12. Ng5 Ke7 13. Nxe6 fxe6 14. Bh3 Rhf8 15. e4 Bd4 16. e5 Bxc3 17. exf6+ Bxf6 18. Rhe1 Rfd8 19. Bxe6 Nc5 20. Bb4 b6 21. Bd5+ Kf8 22. Bxc6 Rac8 23. Bxc5+ bxc5 24. Rxd8+ Rxd8 25. c3 Rd3 26. Re8+ Kf7 27. Ra8 Rh3 28. Rxa7+ Kg6 29. f5+ Kg5 30. a4 Rxh2 31. a5 Rf2 32. Bd7 Rf1+ 33. Kc2 h5 34. a6 Ra1 35. Ra8 h4 36. Kb3 h3 0-1


[Site "https://www.chess.com"]

[Event "Titled Tuesday Blitz July 05 Late 2022"]
[White "Rostovtsev, Dmitry"]
[Black "Cadena M, Gustavo Adolfo"]
[WhiteFideId "34278320"]
[BlackFideId "4404815"]
[WhiteElo "2232"]
[BlackElo "2241"]
[Result "1-0"]
[Round "01"]
[TimeControl "180+1"]
[Date "2022.07.06"]
[WhiteClock "0:00:28"]
[BlackClock "0:00:35"]

1. c4 e6 2. Nf3 d5 3. b3 Nf6 4. Bb2 Be7 5. g3 Nbd7 6. Bg2 b6 7. O-O Bb7 8. e3 dxc4 9. bxc4 c5 10. Nc3 O-O 11. d4 cxd4 12. exd4 Rc8 13. Qa4 a6 14. Rac1 Ne4 15. Nxe4 Bxe4 16. Qb3 Qc7 17. Rfe1 Ba8 18. Ba3 Bxa3 19. Qxa3 Bb7 20. Qe7 Rfe8 21. Qh4 Nf6 22. Ne5 Bxg2 23. Kxg2 Qb7+ 24. Kg1 Nd7 25. Nd3 Nf8 26. c5 Red8 27. c6 Qc7 28. Qe4 Rd6 29. Nb4 a5 30. Na6 Qa7 31. Qd3 Rdxc6 32. Rxc6 Rxc6 33. Qb5 Rd6 34. Rb1 Qd7 35. Nb8 Qxb5 36. Rxb5 Rxd4 37. Rxb6 Rd2 38. Nc6 Rxa2 39. Ne7+ Kh8 40. Rb8 g6 41. Rxf8+ Kg7 42. Ra8 Rc2 43. Rxa5 Kf8 44. Ra7 h5 45. h4 Rc3 46. Kg2 Rc2 47. Kf3 Rc3+ 48. Kf4 Rc2 49. f3 Rc5 50. Ke4 Rc3 51. Kf4 Rc5 52. Ke3 Rc3+ 53. Ke4 Rc5 54. g4 hxg4 55. fxg4 Rc4+ 56. Kf3 Rc5 57. Kf4 Rc4+ 58. Kg5 Rc5+ 59. Kf6 Ke8 60. Ra8+ Kd7 61. Kxf7 Rc4 62. g5 Rf4+ 63. Kxg6 Kxe7 64. h5 Rh4 65. h6 e5 66. h7 Ke6 67. h8=Q Kd5 68. Qxh4 1-0


[Site "https://www.chess.com"]

[Event "Titled Tuesday Blitz July 05 Late 2022"]
[White "Sanal, Vahap"]
[Black "Van der Velden, Bram"]
[WhiteFideId "6300545"]
[BlackFideId "1015753"]
[WhiteElo "2574"]
[BlackElo "2155"]
[Result "1-0"]
[Round "01"]
[TimeControl "180+1"]
[Date "2022.07.05"]
[WhiteClock "0:02:32"]
[BlackClock "0:01:13"]

1. c4 e6 2. Nc3 d5 3. d4 a6 4. g3 dxc4 5. Bg2 c5 6. d5 Nf6 7. Bg5 Be7 8. dxe6 Qxd1+ 9. Nxd1 fxe6 10. Ne3 Nc6 11. Bxc6+ bxc6 12. Nxc4 Nd5 13. Bxe7 Kxe7 14. Nf3 a5 15. Nfe5 Bb7 16. Rc1 Rhd8 17. a3 a4 18. e4 Nf6 19. f3 Ba6 20. Nxc6+ 1-0


[Site "https://www.chess.com"]

[Event "Titled Tuesday Blitz July 05 Late 2022"]
[White "Sankalp Gupta"]
[Black "Jian, Alex"]
[WhiteFideId "5097010"]
[BlackFideId "30901022"]
[WhiteElo "2399"]
[BlackElo "2095"]
[Result "1-0"]
[Round "01"]
[TimeControl "180+1"]
[Date "2022.07.05"]
[WhiteClock "0:00:16"]
[BlackClock "0:00:03"]

1. e4 c5 2. Nf3 e6 3. d4 cxd4 4. Nxd4 a6 5. Bd3 Nf6 6. O-O d6 7. Qe2 Nc6 8. Nxc6 bxc6 9. f4 Be7 10. c4 O-O 11. Nc3 d5 12. e5 Nd7 13. f5 exf5 14. Bxf5 Nc5 15. Bxc8 Rxc8 16. Be3 d4 17. Rad1 Ne6 18. Bc1 Bg5 19. Ne4 Bxc1 20. Rxc1 c5 21. Nd6 Rb8 22. Rf2 Qd7 23. Rcf1 Nd8 24. b3 Qe6 25. Qe4 Rb6 26. Qd5 Qxd5 27. cxd5 f6 28. Nf5 Rb7 29. e6 Re8 30. Nd6 Rbe7 31. Nxe8 Rxe8 32. Rc1 Nb7 33. Rfc2 Kf8 34. Kf2 Rd8 35. Rxc5 Nxc5 36. Rxc5 Ke7 37. Ke2 Kd6 38. Ra5 Rc8 39. Kd3 Rc3+ 40. Kxd4 Rc2 41. Rxa6+ Ke7 42. Ra7+ Kd6 43. Rd7# 1-0


[Site "https://www.chess.com"]

[Event "Titled Tuesday Blitz July 05 Late 2022"]
[White "Barria Santos, Jose Guilherme"]
[Black "Cardoso Cardoso, Jose Gabriel"]
[WhiteFideId "1939300"]
[BlackFideId "4430492"]
[WhiteElo "2263"]
[BlackElo "2485"]
[Result "1-0"]
[Round "01"]
[TimeControl "180+1"]
[Date "2022.07.06"]
[WhiteClock "0:00:15"]
[BlackClock "0:00:02"]

1. e4 g6 2. d4 Bg7 3. Be3 d6 4. f3 c5 5. Nc3 cxd4 6. Bxd4 Nf6 7. Nge2 Nc6 8. Be3 Bd7 9. Qd2 Rc8 10. h4 Ne5 11. Nf4 h5 12. Be2 Nc4 13. Bxc4 Rxc4 14. Nfe2 b5 15. O-O-O b4 16. Nd5 Qa5 17. Kb1 Nxd5 18. exd5 Bf5 19. Rc1 O-O 20. Ng3 Bxb2 21. Kxb2 Qa3+ 22. Ka1 Bd7 23. Bd4 Rfc8 24. Bb2 Qa4 25. Qh6 Rc3 26. Nxh5 gxh5 27. Qg5+ Kf8 28. Rhe1 f6 29. Qh6+ Ke8 30. Qxf6 Kd8 31. Qxe7+ Kc7 32. Bxc3 bxc3 33. Qe3 Qa3 34. Rb1 Rb8 35. Rxb8 Kxb8 36. Rb1+ Kc7 37. Rb3 Qa6 38. Qxc3+ Kd8 39. Kb2 Qe2 40. Rb8+ Ke7 41. Qg7# 1-0


[Site "https://www.chess.com"]